 Dungeon Crawl Stone Soup version 0.31-a0-18-gea43df2a32 (webtiles) character file.

Game seed: 6307299804614226043

181 vineage the Poker (level 5, 0/41 HPs)
             Began as a Demonspawn Gladiator on May 10, 2023.
             Slain by a jelly (2 damage)
             ... on level 5 of the Dungeon.
             The game lasted 00:03:26 (3415 turns).

vineage the Poker (Demonspawn Gladiator)            Turns: 3415, Time: 00:03:26

Health: 0/41       AC:  4    Str: 16    XL:     5   Next: 34%
Magic:  5/5        EV: 12    Int:  9    God:
Gold:   264        SH:  0    Dex: 15    Spells: 4/4 levels left

rFire   . .          .
                       - Unarmed
rCold   . . .        (no shield)
rNeg    . . .        b - +0 leather armour
rPois   .            c - +0 helmet
rElec   +            g - +0 cloak
rCorr   .            m - +0 pair of gloves
SInv    .            (no boots)
Will    .....        (no amulet)
Stlth   +            (no ring)
HPRegen 0.26/turn    (no ring)
MPRegen 0.09/turn

%: random rage (3%)
@: about to teleport, corroded
A: claws 1, slimy green scales 1, ignite blood 1, berserk 1, electricity
resistance
a: no special abilities


You were on level 5 of the Dungeon.
You visited 1 branch of the dungeon, and saw 5 of its levels.

You collected 264 gold pieces.

Inventory:

Missiles
 d - 3 throwing nets (quivered)
 e - a javelin
Armour
 b - a +0 leather armour (worn)
 c - a +0 helmet (worn)
 g - a +0 cloak (worn)
 m - a +0 pair of gloves (worn)
Scrolls
 f - 4 scrolls of teleportation
 k - a scroll of amnesia
 l - a scroll of identify
 n - a scroll of silence {unknown}
Potions
 a - a potion of curing
 h - a potion of berserk rage {unknown}
 i - 2 potions of might
 j - a potion of brilliance
 o - a potion of attraction {unknown}
 p - a potion of degeneration {unknown}


   Skills:
 + Level 3.4 Fighting
 - Level 3.4 Polearms
 - Level 1.7 Throwing
 + Level 1.3 Armour
 + Level 3.1 Dodging
 * Level 2.1 Unarmed Combat


You had 4 spell levels left.
You didn't know any spells.
Your spell library contained the following spells:

 Spells                   Type           Power      Damage    Failure   Level
 Summon Small Mammal      Summ           0%         N/A       45%         1
 Call Canine Familiar     Summ           0%         N/A       83%         3
 Summon Guardian Golem    Hex/Summ       0%         N/A       83%         3


Dungeon Overview and Level Annotations

Branches:
Dungeon (5/15)
 Temple: D:4-7

Altars:
Kikubaaqudgha


Innate Abilities, Weirdness & Mutations

You have sharp fingernails.
You are partially covered in slimy green scales. (AC +2)
Your demonic aura sometimes causes spilled blood to erupt in flames.
You sometimes lose your temper in combat.
You are resistant to electric shocks. (rElec)


Message History

An adder comes into view.
The adder moves out of view.
A jelly comes into view.
Found a robe.
The jelly moves out of view.
A phantom comes into view.
Found 11 gold pieces.
The worm barely misses you.
You hit the worm but do no damage. The worm bites you!
You barely miss the jelly. The jelly hits you but does no damage.
You hit the jelly. The acid corrodes you!
Your hands burn!
The jelly is lightly wounded.
The worm bites you. The jelly closely misses you.
You hit the jelly.
Your hands burn!
The jelly is moderately wounded.
The adder bites you but does no damage. The jelly hits you.
You are splashed with acid!
You are too injured to fight recklessly!
You are too injured to fight recklessly!
You are too injured to fight recklessly!
You are too injured to fight recklessly!
You are too injured to fight recklessly!
You are too injured to fight recklessly!
You are too injured to fight recklessly!
You are too injured to fight recklessly!
You are too injured to fight recklessly!
You are too injured to fight recklessly!
You are too injured to fight recklessly!
You are too injured to fight recklessly!
You are too injured to fight recklessly!
You are too injured to fight recklessly!
Unknown command.
As you read the scroll of teleportation, it crumbles to dust.
You feel strangely unstable. The adder bites you but does no damage.
The worm closely misses you. The jelly hits you. The acid corrodes you!
You are splashed with acid.
* * * LOW HITPOINT WARNING * * *
You miss the adder. The adder closely misses you. The worm bites you.
* * * LOW HITPOINT WARNING * * *
The phantom hits you but does no damage.
The jelly hits you.
You die...

.......$.# .........#
..[....... .........#
####### ......<# #.....#
####....$# #.....#
......JwW# #.....# #@#
####)....# #S#
#........# ####
#.######........#
.#....#.#.............##
........................
.#?#....#.............#.
#.####.........#####. #S
######....# ## . ######


You could see a phantom, a worm, a jelly and an adder.

Vanquished Creatures
  A scorpion (D:3)
  5 adders
  A shadow imp (D:4)
  A dart slug (D:2)
  4 orcs (D:3)
  A bat (D:3)
  7 endoplasms
  7 giant cockroaches
  3 goblins
  2 hobgoblins
  4 jackals (D:2)
  2 quokkas (D:2)
  12 ball pythons
  2 frilled lizards
  6 kobolds
  A rat (D:1)
59 creatures vanquished.

Notes
Turn   | Place    | Note
-------+----------+-------------------------------------------
     0 | D:1      | vineage the Demonspawn Gladiator began the quest for the
                  | Orb.
     0 | D:1      | Reached XP level 1. HP: 16/16 MP: 1/1
   138 | D:1      | Gained mutation: Your demonic aura sometimes causes spilled
                  | blood to erupt in flames. [demonic ancestry]
   138 | D:1      | Reached XP level 2. HP: 22/23 MP: 2/2
   854 | D:2      | Gained mutation: You have sharp fingernails. [demonic
                  | ancestry]
   854 | D:2      | Reached XP level 3. HP: 14/28 MP: 3/3
  1282 | D:2      | Identified the +7 chain mail of Divine Birdsong {rElec}
  1342 | D:2      | Found a faded altar of an unknown god.
  1612 | D:3      | Reached XP level 4. HP: 21/35 MP: 4/4
  1784 | D:3      | Reached skill level 1 in Unarmed Combat
  1841 | D:3      | Gained mutation: You sometimes lose your temper in combat.
                  | [potion of mutation]
  1841 | D:3      | Gained mutation: You are resistant to electric shocks.
                  | (rElec) [potion of mutation]
  2535 | D:4      | Noticed a scorpion
  2556 | D:3      | Killed a scorpion
  2557 | D:3      | Reached skill level 1 in Armour
  2557 | D:3      | Gained mutation: You are partially covered in slimy green
                  | scales. (AC +2) [demonic ancestry]
  2557 | D:3      | Reached XP level 5. HP: 31/41 MP: 5/5
  2750 | D:4      | Found an ancient bone altar of Kikubaaqudgha.
  3325 | D:5      | Entered Level 5 of the Dungeon
  3374 | D:5      | Identified the +1 ring mail "Beggeyba" {Str+4}
  3409 | D:5      | Noticed a phantom
  3415 | D:5      | HP: 2/41 [worm (5)]
  3415 | D:5      | Slain by a jelly

Illustrated notes

Levels and vault maps discovered:
D:1:      scummos_arrival_simple_fountains, layout_basic, kennysheep_nondescript
D:2:      layout_basic, shapermc_ecumenical_altar_gd
D:3:      layout_rooms, tso_metal_star, mainiacjoe_overflow_paths,
          serial_forest, infiniplex_forest_straight_2,
          infiniplex_forest_lined_2, infiniplex_forest_straight_2,
          infiniplex_forest_corner_1, infiniplex_forest_pool,
          infiniplex_forest_clump_medium, infiniplex_forest_zigzag_1,
          infiniplex_forest_clump_curved
D:4:      layout_basic, lemuel_doored_altar
D:5:      wad_river_or_something, layout_basic, fedhas_altar_1

Skill      XL: |  1  2  3  4  5 |
---------------+----------------+-----
Polearms       | 3 |  3.4
Fighting       | 3 |  3.4
Unarmed Combat | 1 2 |  2.1
Armour         | 1 |  1.3
Dodging        | 3 |  3.1
Throwing       | |  1.7

Action                     |  1- 3 |  4- 6 || total
---------------------------+-------+-------++-------
  Melee: Trident           |   113 |       ||   113
         Unarmed           |   121 |   141 ||   262
         Punch             |       |     4 ||     4
    Use: Scroll            |     4 |     3 ||     7
         Potion            |     1 |     1 ||     2
   Stab: Sleeping          |     1 |     3 ||     4
 Armour: Leather armour    |    99 |    54 ||   153
  Dodge: Dodged            |   158 |   100 ||   258

Table legend: (Time is in decaauts)
 A = Elapsed time spent in this place.
 B = Non-inter-level travel time spent in this place.
 C = Inter-level travel time spent in this place.
 D = Time resting spent in this place.
 E = Time spent auto-exploring this place.
 F = Levels seen in this place.
 G = Mean time per level.
                   A        B        C        D        E       F      G
               +--------+--------+--------+--------+--------+-----+--------+
         Total |   3450 |   3359 |     91 |    297 |   2434 |   5 |  690.0 |
       Dungeon |   3450 |   3359 |     91 |    297 |   2434 |   5 |  690.0 |
               +--------+--------+--------+--------+--------+-----+--------+

Top non-repeatable levels by time:
     D:3: 1172 daAuts
     D:2: 778 daAuts
     D:1: 715 daAuts
     D:4: 693 daAuts
     D:5: 89 daAuts
